Map: [ESL] Gresvan

Players

Fjant

  • Race: Zerg Zerg
  • Spawn Location: 5:00

FightingFrog - Winner!

  • Race: Protoss Protoss
  • Spawn Location: 11:00

Event: ESL SC2 Masters 2023 Summer (Finals)

VOD

Have the link to the VOD?

Description

Time

  • Played on: June 16, 2023, 10:18 a.m.
  • Length: 11:09

All games in this series

Show
View Real Time Build Order
Export as new Build Order

Fjant Zerg 

Build Orders: Hatch First 

Get SALT Encoding   

  12  0:01  Drone  
  13  0:13  Overlord  
  13  0:18  Drone  
  14  0:31  Drone  
  14  0:32  Drone  
  16  0:48  Hatchery  
  15  0:52  Drone  
  15  0:55  Drone  
  17  0:58  Drone  
  18  1:09  Extractor  
  17  1:13  Spawning Pool  
  17  1:16  Drone  
  17  1:19  Drone  
  18  1:30  Drone  
  19  1:41  Drone  
  20  1:52  Drone  
  21  2:00  Zergling x2  
  21  2:01  Overlord  
  22  2:03  Queen  
  22  2:04  Queen  
  26  2:12  Drone x2  
  26  2:14  Metabolic Boost  
  28  2:24  Drone x2  
  30  2:33  Hatchery  
  30  2:37  Drone  
  30  2:38  Drone  
  31  2:48  Drone  
  31  2:49  Overlord  
  32  2:54  Queen  
  32  2:57  Drone x2  
  36  3:09  Overlord  
  36  3:10  Zergling x2  
  37  3:15  Drone x6  
  37  3:18  Drone  
  44  3:28  Overlord  
  44  3:29  Drone  
  44  3:32  Spore Crawler  
  44  3:33  Queen  
  46  3:35  Spore Crawler  
  46  3:39  Drone x2  
  47  3:46  Drone  
  47  3:47  Drone x2  
  50  3:48  Queen  
  50  3:53  Drone, Spore Crawler  
  52  3:59  Queen  
  53  4:03  Drone x4  
  57  4:13  Drone x3  
  57  4:15  Overlord  
  60  4:19  Queen  
  60  4:21  Drone  
  63  4:24  Queen  
  63  4:30  Overlord x2  
  65  4:31  Overlord  
  65  4:36  Queen  
  65  4:37  Overlord  
  67  4:40  Drone x4  
  71  4:49  Drone  
  71  4:50  Drone  
  73  4:53  Hatchery  
  73  4:56  Zergling x8  
  76  5:00  Lair  
  76  5:06  Evolution Chamber  
  75  5:09  Roach Warren  
  74  5:14  Drone x2  
  74  5:15  Drone  
  74  5:16  Zergling x8  
  79  5:29  Zergling x16  
  79  5:32  Zerg Melee Weapons Level 1  
  79  5:33  Extractor x2  
  84  5:37  Drone x5  
  89  5:51  Extractor, Drone x2  
  89  5:52  Overlord x2  
  90  6:00  Baneling Nest  
  89  6:08  Zergling x4  
  89  6:09  Zergling x12  
  94  6:15  Glial Reconstitution  
  94  6:17  Zergling x12  
  94  6:18  Zergling x6  
  100  6:26  Pneumatized Carapace  
  100  6:27  Drone x2  
  100  6:28  Drone  
  100  6:29  Drone x3  
  100  6:31  Hatchery, Evolution Chamber, Drone  
  105  6:37  Drone x2  
  105  6:38  Drone  
  108  6:50  Roach x2  
  108  6:51  Overlord  
  108  6:52  Overlord x2  
  109  6:57  Overlord x2  
  109  6:59  Centrifugal Hooks  
  108  7:01  Zerg Missile Weapons Level 1  
  108  7:03  Overlord  
  108  7:12  Overlord  
  108  7:15  Roach x9  
  117  7:20  Roach x6  
  117  7:21  Drone  
  127  7:23  Drone  
  127  7:24  Drone  
  127  7:25  Drone x2  
  127  7:27  Drone  
  127  7:28  Drone  
  127  7:29  Zerg Melee Weapons Level 2  
  132  7:33  Extractor, Drone  
  132  7:34  Extractor  
  132  7:36  Drone  
  132  7:37  Drone  
  133  7:41  Drone  
  134  7:46  Baneling x6  
  134  7:54  Baneling  
  134  7:55  Drone, Baneling x3  
  134  7:56  Drone x3, Zergling x22  
  134  7:57  Zergling x2  
  150  8:00  Spore Crawler  
  150  8:05  Zergling x12  
  150  8:11  Zergling x4  
  157  8:15  Zergling x2  
  154  8:23  Roach  
  154  8:24  Roach x7  
  153  8:28  Roach x7  
  153  8:33  Roach  
  153  8:34  Roach x3  
  155  8:39  Roach x3  
  155  8:45  Zergling x4  
  155  8:50  Zergling x6  
  155  8:52  Extractor  
  155  8:54  Infestation Pit  
  158  8:55  Zergling x4  
  158  8:57  Overlord  
  158  8:58  Overlord x7  
  158  9:12  Overlord  
  158  9:16  Overlord, Hydralisk Den  
  157  9:18  Zergling x14  
  157  9:20  Zergling x2  
  157  9:21  Zergling x16  
  170  9:24  Baneling x13  
  170  9:26  Zergling x2  
  170  9:31  Zergling x12  
  177  9:37  Zergling x4  
  177  9:38  Baneling x12  
  179  9:40  Zergling x4  
  179  9:55  Overlord  
  179  9:58  Lurker Den  
  174  10:00  Extractor, Drone x3  
  174  10:01  Zergling x20  
  174  10:06  Zergling x10  
  191  10:12  Zergling x18  
  200  10:18  Zergling x4  
  168  10:37  Zergling x24  
  168  10:41  Roach x3  
  135  10:46  Roach x5  
Show
View Real Time Build Order
Export as new Build Order

FightingFrog Protoss - Winner!

Build Orders: 1 Gate Expand, Oracle Opening 

Get SALT Encoding   

  12  0:00  Probe  
  13  0:12  Probe  
  14  0:17  Pylon  
  14  0:24  Probe (Chrono Boost)  
  15  0:36  Probe (Chrono Boost)  
  15  0:38  Gateway  
  16  0:44  Probe (Chrono Boost)  
  16  0:46  Assimilator  
  17  0:51  Probe  
  18  1:03  Probe  
  19  1:15  Probe  
  20  1:23  Nexus  
  20  1:27  Probe  
  21  1:36  Cybernetics Core  
  21  1:39  Probe  
  22  1:45  Assimilator  
  22  1:50  Pylon  
  22  1:53  Probe  
  23  2:08  Probe  
  23  2:09  Adept (Chrono Boost)  
  23  2:12  Warp Gate  
  26  2:20  Probe  
  27  2:29  Stargate  
  27  2:30  Adept (Chrono Boost)  
  27  2:32  Probe  
  27  2:36  Probe  
  31  2:45  Probe  
  31  2:48  Probe  
  33  2:57  Probe  
  34  3:00  Probe  
  34  3:04  Nexus  
  35  3:11  Probe, Oracle (Chrono Boost)  
  35  3:12  Probe  
  40  3:21  Pylon  
  40  3:25  Shield Battery  
  40  3:26  Probe x2  
  42  3:32  Assimilator  
  42  3:36  Gateway  
  42  3:38  Probe  
  42  3:39  Probe  
  44  3:50  Probe  
  44  3:51  Probe, Twilight Council  
  46  4:00  Stalker  
  46  4:02  Probe  
  49  4:03  Probe  
  49  4:07  Pylon  
  50  4:10  Gateway  
  50  4:14  Probe  
  50  4:16  Probe, Oracle  
  55  4:17  Probe  
  56  4:24  Blink (Chrono Boost)  
  56  4:26  Probe  
  56  4:28  Probe  
  56  4:29  Probe  
  59  4:38  Probe  
  59  4:40  Probe  
  59  4:41  Probe  
  59  4:42  Pylon  
  62  4:48  Stalker x2  
  62  4:50  Probe  
  62  4:52  Probe  
  68  4:53  Probe  
  69  5:02  Probe  
  69  5:04  Probe  
  69  5:05  Probe  
  69  5:06  Stalker  
  74  5:09  Assimilator  
  74  5:10  Assimilator  
  74  5:11  Forge  
  74  5:12  Stalker x2, Assimilator  
  78  5:15  Probe  
  78  5:16  Probe  
  78  5:17  Probe  
  81  5:23  Shield Battery  
  81  5:27  Probe  
  80  5:29  Probe  
  80  5:30  Probe, Pylon  
  80  5:32  Pylon, Stalker  
  84  5:38  Protoss Ground Armor Level 1 (Chrono Boost)  
  84  5:39  Probe  
  85  5:48  Probe x2  
  85  5:49  Stalker x2  
  91  5:51  Probe  
  91  5:52  Robotics Facility  
  91  5:53  Gateway  
  92  6:00  Probe x2  
  92  6:02  Gateway  
  92  6:03  Probe, Gateway, Templar Archives  
  94  6:13  Probe x2  
  94  6:18  Stalker x2  
  100  6:25  Pylon  
  100  6:27  Pylon, Forge  
  100  6:29  Pylon  
  100  6:30  Nexus  
  100  6:34  Psionic Storm  
  100  6:39  Gateway  
  100  6:40  Gateway  
  100  6:43  Pylon  
  100  6:46  Stalker  
  100  6:47  Stalker  
  104  6:50  Observer  
  105  6:59  Pylon  
  105  7:02  Pylon  
  105  7:03  High Templar x4  
  113  7:10  Probe x2  
  113  7:14  Probe  
  116  7:17  Immortal (Chrono Boost)  
  120  7:24  Gateway  
  120  7:25  Gateway  
  120  7:26  Protoss Ground Armor Level 2 (Chrono Boost)  
  120  7:27  Gateway  
  120  7:29  Nexus, Gateway  
  120  7:31  Shield Battery  
  120  7:33  Shield Battery  
  120  7:35  Pylon  
  120  7:39  Photon Cannon, Protoss Ground Weapons Level 1 (Chrono Boost)  
  120  7:45  Charge  
  120  7:49  Stalker x5  
  130  7:55  Zealot x3  
  136  8:00  Shield Battery  
  136  8:07  Gateway  
  136  8:08  Immortal (Chrono Boost)  
  136  8:10  Gateway  
  119  8:36  Zealot x6, Stalker x6  
  135  8:47  Immortal (Chrono Boost)  
  137  8:50  Probe x2  
  137  8:51  Probe x2  
  137  8:54  Assimilator  
  141  8:57  Assimilator  
  141  8:59  High Templar x4  
  149  9:02  Archon  
  149  9:03  Archon  
  149  9:14  Warp Prism (Chrono Boost)  
  151  9:26  Zealot x6  
  151  9:27  Zealot x4  
  170  9:42  High Templar  
  172  9:48  Pylon  
  172  9:50  Pylon  
  166  9:53  Pylon  
  166  9:55  Pylon  
  166  9:56  Zealot x5  
  172  10:15  High Templar x4  
  172  10:21  Archon x2  
  174  10:29  Zealot x10  
  176  10:56  Zealot x4  
  176  10:57  Zealot x10  
Tags
 
Add a new tag
Caveats
  • Supply blocks, unpowered buildings, or Contaminate may cause inaccurate times.
  • Supply counts are checked every 10 seconds.